Map: Catalyseur EC

Players

ShaDoWn

  • Race: Protoss Protoss
  • League: Grandmaster
  • Spawn Location: 5:00

LiquidMaNa (MaNa) - Winner!

  • Race: Protoss Protoss
  • League: Grandmaster
  • Spawn Location: 11:00

Event: HomeStory Cup XVII

VOD

Have the link to the VOD?

Description

Time

  • Played on: June 28, 2018, 5:12 p.m.
  • Length: 7:58

All games in this series

Show
View Real Time Build Order
Export as new Build Order

ShaDoWn Protoss 

Build Orders: Phoenix Opening 

Get SALT Encoding   

  12  0:00  Probe  
  13  0:12  Probe  
  14  0:19  Pylon  
  14  0:26  Probe  
  15  0:34  Probe  
  15  0:37  Gateway  
  15  0:42  Probe  
  16  0:47  Assimilator  
  17  0:53  Probe  
  17  0:56  Assimilator  
  18  1:01  Probe  
  18  1:09  Probe  
  18  1:11  Gateway  
  20  1:19  Probe  
  21  1:26  Cybernetics Core  
  21  1:31  Probe  
  22  1:37  Pylon  
  22  1:43  Probe  
  23  1:54  Warp Gate  
  23  1:55  Probe  
  24  2:03  Stalker x2  
  28  2:14  Pylon  
  28  2:28  Stargate  
  28  2:33  Adept x2  
  32  2:59  Nexus  
  30  3:16  Phoenix  
  30  3:19  Probe  
  33  3:32  Shield Battery  
  33  3:35  Phoenix  
  33  3:36  Pylon  
  33  3:57  Stalker x2  
  33  4:00  Phoenix  
  37  4:08  Probe  
  38  4:13  Probe  
  39  4:20  Probe  
  40  4:25  Phoenix  
  40  4:26  Probe  
  40  4:29  Adept  
  45  4:34  Probe x2  
  47  4:42  Probe x2  
  47  4:47  Robotics Facility  
  47  4:51  Probe  
  47  4:52  Probe  
  49  4:57  Sentry  
  53  5:03  Probe  
  53  5:04  Probe, Forge  
  55  5:15  Probe  
  55  5:16  Probe  
  51  5:24  Stalker  
  51  5:26  Probe  
  51  5:28  Probe  
  53  5:29  Protoss Ground Weapons Level 1  
  53  5:34  Probe  
  54  5:37  Immortal  
  54  5:40  Probe  
  60  5:42  Assimilator  
  60  5:43  Assimilator, Probe, Pylon  
  61  5:52  Probe  
  61  5:54  Pylon  
  62  6:01  Probe  
  63  6:05  Probe  
  63  6:06  Pylon  
  63  6:10  Immortal  
  64  6:11  Twilight Council  
  64  6:13  Probe  
  69  6:23  Probe  
  69  6:24  Sentry  
  72  6:25  Probe  
  72  6:30  Gateway  
  72  6:31  Gateway  
  73  6:46  Immortal  
  73  6:53  Nexus  
  77  6:55  Pylon  
  77  7:06  Gateway  
  77  7:07  Gateway  
  77  7:09  Gateway  
  71  7:18  Zealot x2  
  72  7:28  Zealot  
  67  7:30  Zealot  
  66  7:39  Zealot x2  
  60  7:55  Zealot x2  
Show
View Real Time Build Order
Export as new Build Order

LiquidMaNa Protoss - Winner!

Build Orders: Oracle Opening 

Get SALT Encoding   

  12  0:00  Probe  
  13  0:12  Probe  
  14  0:19  Pylon  
  14  0:24  Probe  
  15  0:33  Probe  
  15  0:40  Gateway  
  15  0:41  Probe  
  16  0:49  Assimilator  
  17  0:51  Probe  
  18  0:59  Probe  
  19  1:07  Probe  
  19  1:09  Assimilator  
  19  1:17  Gateway  
  19  1:18  Probe  
  21  1:27  Cybernetics Core  
  21  1:30  Probe  
  22  1:35  Pylon  
  22  1:42  Probe  
  23  1:54  Probe  
  24  2:04  Stalker x2  
  24  2:05  Warp Gate  
  24  2:07  Probe  
  29  2:15  Pylon  
  29  2:25  Stargate  
  29  2:38  Stalker  
  29  2:40  Stalker  
  32  3:06  Oracle  
  35  3:16  Nexus  
  33  3:31  Probe  
  33  3:33  Shield Battery  
  34  3:35  Oracle  
  34  3:43  Probe  
  34  3:46  Pylon  
  38  3:56  Probe  
  39  4:08  Probe  
  40  4:12  Stalker x2  
  44  4:20  Probe  
  44  4:22  Twilight Council  
  42  4:27  Probe  
  42  4:29  Probe  
  43  4:36  Probe, Stalker  
  43  4:37  Probe  
  46  4:39  Stalker  
  46  4:45  Probe  
  50  4:47  Probe  
  52  4:53  Blink, Assimilator  
  52  4:56  Probe  
  52  4:57  Probe  
  54  5:04  Probe  
  54  5:09  Probe  
  53  5:14  Probe  
  53  5:21  Probe  
  54  5:30  Stalker x2  
  54  5:31  Probe  
  59  5:38  Gateway x2  
  59  5:41  Gateway  
  59  5:44  Gateway  
  59  5:48  Probe x2  
  61  5:53  Pylon  
  61  6:08  Probe, Pylon  
  62  6:11  Probe, Stalker x2  
  67  6:23  Pylon  
  67  6:30  Nexus  
  67  6:36  Stalker x2  
  67  6:39  Stalker  
  73  6:43  Stalker  
  75  6:53  Pylon  
  75  7:00  Stalker x2  
  79  7:11  Zealot x2  
  83  7:17  Zealot x2  
  80  7:32  Probe  
  80  7:35  Stalker x4  
  83  7:45  Probe  
Tags
 
Add a new tag
Caveats
  • Supply blocks, unpowered buildings, or Contaminate may cause inaccurate times.
  • Supply counts are checked every 10 seconds.